 Dungeon Crawl Stone Soup version 0.19-a0-1779-g7aee5af (webtiles) character file.

12 KarmaPolice the Sneak (level 2, 0/13 HPs)
             Began as a Vine Stalker Enchanter on Oct 1, 2016.
             Killed from afar by a dart slug (3 damage)
             ... with a slug dart
             ... on level 1 of the Dungeon on Oct 2, 2016.
             The game lasted 00:01:50 (605 turns).

KarmaPolice the Sneak (Vine Stalker Enchanter)       Turns: 605, Time: 00:01:50

Health: 0/13       AC:  3    Str: 10    XL:     2   Next: 33%
Magic:  0/6        EV: 12    Int: 15    God:
Gold:   39         SH:  0    Dex: 14    Spells: 2 memorised, 2 levels left

rFire  . . .     SeeInvis .     a - +1 dagger
rCold  . . .     Gourm    .     b - +1 robe
rNeg   . . .     Faith    .     (no shield)
rPois  .         Spirit   +     (no helmet)
rElec  .         Dismiss  .     (no cloak)
rCorr  .         Reflect  .     (no gloves)
MR     .....     Harm     .     (no boots)
Stlth  ++........               (no amulet)
                                (no ring)
                                (no ring)

@: no status effects
A: fangs 2, magic shield, antimagic bite, no device heal 3, rot immunity
a: no special abilities


You were on level 1 of the Dungeon.
You were not hungry.

You visited 1 branch of the dungeon, and saw 1 of its levels.

You collected 39 gold pieces.

Inventory:

Hand Weapons
 a - a +1 dagger (weapon)
Armour
 b - a +1 robe (worn)
 e - a shadow dragon hide
Jewellery
 f - an uncursed ring of protection from cold {unknown}
Scrolls
 h - a scroll of amnesia {unknown}
 j - a scroll of fear {unknown}
 k - a scroll of teleportation {unknown}
 m - 2 scrolls of identify {unknown}
Potions
 g - a potion of magic {unknown}
 i - a potion of haste {unknown}
 l - a potion of degeneration {unknown}
Books
 c - a book of Maledictions

   Spells                             Type                      Level
   a - Corona                         Hexes                        1
   b - Ensorcelled Hibernation        Hexes/Ice                    2
   c - Confuse                        Hexes                        3
   d - Tukima's Dance                 Hexes                        3
   e - Dazzling Spray                 Conjuration/Hexes            3
Comestibles
 d - 2 bread rations
 n - a slice of pizza


   Skills:
 + Level 1.1 Short Blades
 - Level 1.5 Dodging
 + Level 3.7 Stealth
 + Level 2.4 Spellcasting
 + Level 3.2 Hexes


You had 2 spell levels left.
You knew the following spells:

 Your Spells              Type           Power        Failure   Level  Hunger
a - Corona                Hex            ##.....      8%          1    #......
b - Ensorcelled Hibernat  Hex/Ice        #.....       17%         2    ###....


Dungeon Overview and Level Annotations

Branches:
Dungeon (1/15)

Altars:


Innate Abilities, Weirdness & Mutations

You have extremely sharp teeth.
When hurt, damage is shared between your health and your magic reserves.
Your bite disrupts and absorbs the magic of your enemies.
Potions and wands cannot restore your health.
You are immune to rotting.


Message History

A frilled lizard comes into view.
The frilled lizard hisses angrily.
You hit the dart slug but do no damage. The dart slug bites you.
You hit the dart slug.
You bite the dart slug, but do no damage.
The dart slug is heavily wounded.
The dart slug bites you.
You hit the dart slug.
The dart slug is heavily wounded.
The dart slug barely misses you.
You hit the dart slug. You bite the dart slug. You drain its power.
You feel invigorated.
The dart slug is almost dead.
The frilled lizard bites you.
* * * LOW HITPOINT WARNING * * *
You hit the dart slug but do no damage.
The dart slug is almost dead.
The dart slug launches a dart at you. The slug dart hits you!
You die...

.# ........## #
#. #..####.#...#
#
.##..####.#...###
#.
...............#
.. ...
#.........# ##
#.. #.#.......# #
#.. #.###...### #
#..##.###...# .#
#.lw@.....### ##
#..##.##.##### .#
#.......# ##
##.#.#### #.##.
... #. .## #. ..


You could see a dart slug and a frilled lizard.

Vanquished Creatures
  2 bats (D:1)
  2 goblins (D:1)
  A frilled lizard (D:1)
  5 kobolds (D:1)
  3 rats (D:1)
13 creatures vanquished.

Notes
Turn   | Place    | Note
-------+----------+-------------------------------------------
     0 | D:1      | KarmaPolice the Vine Stalker Enchanter began the quest for the Orb.
     0 | D:1      | Reached XP level 1. HP: 9/9 MP: 4/4
     3 | D:1      | Upgraded the game from 0.19-a0-1735-g048f9dc to 0.19-a0-1779-g7aee5af
   152 | D:1      | Reached skill level 1 in Short Blades
   312 | D:1      | Reached XP level 2. HP: 10/13 MP: 3/6
   316 | D:1      | Learned a level 2 spell: Ensorcelled Hibernation
   605 | D:1      | Killed from afar by a dart slug

Vault maps used:
D:1:      dpeg_arrival_subterranean_lakeside_camping, minmay_tetromino_o2

Skill      XL: |  1 |
---------------+----+-----
Short Blades   | 1 |  1.1
Dodging        | |  1.5
Stealth        | |  3.7
Spellcasting   | |  2.4
Hexes          | |  3.2

Action                   || total
-------------------------++-------
Melee: Dagger            ||    32
       Bite              ||     6
 Cast: Corona            ||     5
 Stab: Sleeping          ||     3
Armor: Robe              ||     7
Dodge: Dodged            ||    19
